 Dungeon Crawl Stone Soup version 0.24.0-35-gdb84b6a5db (webtiles) character file.

Game seed: 6600017427271186162, levelgen mode: deterministic

48 MJtheKandyman the Magician (level 3, 0/22 HPs)
             Began as a Deep Elf Wizard on Nov 17, 2019.
             Succumbed to an adder's poison
             ... on level 1 of the Dungeon.
             The game lasted 00:14:46 (2258 turns).

MJtheKandyman the Magician (Deep Elf Wizard)        Turns: 2258, Time: 00:14:46

Health: 0/22       AC:  3    Str:  4 (5)  XL:     3   Next: 50%
Magic:  6/11       EV: 12    Int: 20 (22) God:
Gold:   28         SH:  0    Dex: 12 (13) Spells: 10/11 levels left

rFire    . . .     SeeInvis .   c - +0 short sword
rCold    . . .     Gourm    .   (no shield)
rNeg     . . .     Faith    .   a - +1 robe
rPois    .         Spirit   .   b - +0 hat
rElec    .         Reflect  .   (no cloak)
rCorr    .         Harm     .   (no gloves)
MR       .....                  (no boots)
Stlth    ++........             (no amulet)
HPRegen  0.07/turn              (no ring)
MPRegen  0.12/turn              (no ring)

@: lethally poisoned (0 -> -6), hasted, very quick
A: no striking features
a: no special abilities


You were on level 1 of the Dungeon.
You were not hungry.

You visited 1 branch of the dungeon, and saw 2 of its levels.

You collected 28 gold pieces.

Inventory:

Hand Weapons
 c - a +0 short sword (weapon)
Armour
 a - a +1 robe (worn)
 b - a +0 hat (worn)
Scrolls
 g - a scroll of amnesia
 h - a scroll of enchant armour
Comestibles
 d - a ration


   Skills:
 * Level 2.4 Fighting
 - Level 2.4 Dodging
 - Level 2.5 Stealth
 + Level 4.5 Spellcasting
 - Level 1.2 Conjurations
   Level 1.1 Summonings
   Level 1.1 Translocations


You had 10 spell levels left.
You knew the following spells:

 Your Spells              Type           Power        Failure   Level  Hunger
a - Magic Dart            Conj           #...         8%          1    None

Your spell library contained the following spells:

 Spells                   Type           Power        Failure   Level  Hunger
 Blink                    Tloc           N/A          12%         2    #......
 Call Imp                 Summ           #.......     12%         2    #......
 Slow                     Hex            #.......     19%         2    #......
 Conjure Flame            Conj/Fire      #.......     28%         3    ##.....
 Mephitic Cloud           Conj/Pois/Air  #.......     30%         3    ##.....


Dungeon Overview and Level Annotations

Branches:
Dungeon (2/15)

Altars:

Annotations:
D:2 Jessica


Message History

* * * LOW HITPOINT WARNING * * *
You feel sick.
It was a potion of haste.
You feel yourself speed up.
Okay, then.
As you read the scroll labeled UJEH WEPTEILA, it crumbles to dust.
It is a scroll of identify.
g - a scroll of amnesia
As you read the scroll labeled EZYRIP DAULU, it crumbles to dust.
It is a scroll of enchant armour.
Your +0 robe glows green for a moment.
* * * LOW HITPOINT WARNING * * *
You feel sick.
As you read the scroll labeled SIVIESSELUR, it crumbles to dust.
You feel strangely unstable.
It was a scroll of teleportation.
* * * LOW HITPOINT WARNING * * *
You feel sick.
* * * LOW HITPOINT WARNING * * *
You feel sick.
Your surroundings suddenly seem different.
You die...

##.[........##......#
#..
#.....#.#..##......###..
#.......................
#.............#.....####
#.............#.........
#.............#.....####
#.............#####.#
#....##.####..).....#
####....##@####.######.#
#..'............# #.#
#.##........##### #.#
#..............#######.#
#.######...............#
### #.......############
#.......#########...
#...................
#.......#########...


There were no monsters in sight!

Vanquished Creatures
  An adder (D:2)
  2 oozes (D:1)
  A dart slug (D:1)
  A worm (D:1)
  2 leopard geckos (D:1)
  2 giant cockroaches (D:1)
  A goblin (D:1)
  3 hobgoblins (D:1)
  3 kobolds (D:1)
  A ball python (D:1)
  2 bats (D:1)
  4 frilled lizards (D:1)
  3 rats (D:1)
26 creatures vanquished.

Notes
Turn   | Place    | Note
-------+----------+-------------------------------------------
     0 | D:1      | MJtheKandyman the Deep Elf Wizard began the quest for the
                  | Orb.
     0 | D:1      | Reached XP level 1. HP: 10/10 MP: 7/7
   365 | D:1      | Reached skill level 1 in Fighting
   365 | D:1      | Reached XP level 2. HP: 16/16 MP: 1/9
  1542 | D:1      | Reached XP level 3. HP: 21/21 MP: 3/10
  2029 | D:2      | Noticed Jessica
  2254 | D:1      | HP: 1/22 [poisoned by an adder]
  2258 | D:1      | Succumbed to an adder's poison

Levels and vault maps discovered:
D:1:      minmay_arrival_solitary_statue, layout_basic
D:2:      layout_loops_corners, minmay_misc_feat_columns, uniq_terence,
          uniq_jessica

Skill      XL: |  1  2 |
---------------+-------+-----
Fighting       | 1 2 |  2.4
Dodging        | |  2.4
Stealth        | |  2.5
Spellcasting   | |  4.5
Conjurations   | |  1.2
Summonings     | |  1.1
Translocations | |  1.1

Action                   || total
-------------------------++-------
Melee: Short sword       ||     1
 Cast: Magic Dart        ||    98
  Use: Scroll            ||     3
       Potion            ||     2
  Eat: Chunk             ||     4
Armor: Robe              ||     4
Dodge: Dodged            ||    20
